 Dungeon Crawl Stone Soup version 0.24-a0-613-g1ff6aac338 (webtiles) character file.

Game seed: 3143074676206034504, levelgen mode: deterministic

43 Enish the Chopper (level 3, 22/29 HPs)
             Began as a Formicid Chaos Knight on Sept 11, 2019.
             Was a Plaything of Xom.
             Got out of the dungeon alive.
             The game lasted 00:04:23 (690 turns).

Enish the Chopper (Formicid Chaos Knight)            Turns: 690, Time: 00:04:23

Health: 22/29      AC:  5    Str: 17    XL:     3   Next: 82%
Magic:  3/3        EV: 11    Int: 11    God:    Xom [..*...]
Gold:   31         SH:  0    Dex: 10    Spells: 2/2 levels left

rFire    . . .     SeeInvis +   a - +0 hand axe (chaos)
rCold    . . .     Gourm    .   (no shield)
rNeg     . . .     Faith    .   b - +2 leather armour
rPois    .         Spirit   .   (helmet unavailable)
rElec    .         Reflect  .   (no cloak)
rCorr    .         Harm     .   (no gloves)
MR       .....                  (no boots)
Stlth    +.........             f - amulet of inaccuracy (curse)
HPRegen  0.09/turn              (no ring)
MPRegen  0.08/turn              (no ring)

@: no status effects
A: permanent stasis, dig shafts and tunnels, four strong arms, antennae 3
a: Dig, Shaft Self, Renounce Religion


You escaped.
You worshipped Xom.
You were a toy of Xom.
You were hungry.

You visited 1 branch of the dungeon, and saw 4 of its levels.

You collected 31 gold pieces.

Inventory:

Hand Weapons
 a - a +0 hand axe of chaos (weapon)
Armour
 b - a +2 leather armour (worn)
Jewellery
 f - a cursed amulet of inaccuracy (around neck)
Scrolls
 e - a scroll of identify {unknown}
Potions
 d - a potion of agility
Comestibles
 c - 2 rations


   Skills:
 + Level 3.6 Fighting
 + Level 3.8 Axes
 + Level 2.6 Armour
 + Level 1.1 Dodging
 + Level 0.7 Stealth


You had 2 spell levels left.
You didn't know any spells.
Your spell library was empty.

Dungeon Overview and Level Annotations

Branches:
Dungeon (4/15)
 Temple: D:4-7

Altars:
Gozag
Yredelemnul

Shops:
D:3 *


Innate Abilities, Weirdness & Mutations

You cannot be hasted, slowed, berserked, paralysed or teleported.
You can dig through walls and to a lower floor.
Your four strong arms can wield two-handed weapons with a shield.
You have a pair of large antennae on your head. (SInv)


Message History

Your leather armour prevents you from hitting the leopard gecko.
The leopard gecko is severely wounded.
You kill the leopard gecko!
You see here a leopard gecko corpse.
Found a ration.
You are feeling hungry.
You see here 18 stones.
You open the door.
There is an open door here.
You open the door.
There is an open door here.
You enter the shallow water.
Moving in this stuff is going to be slow.
There is an open gate here.
There is an open door here.
There is a stone staircase leading down here.
There is an open door here.
There is a staircase leading out of the dungeon here.
Are you sure you want to leave the Dungeon?
This will make you lose the game!
You have escaped!

##...P.P...##
###...P.### ###'###
#...# #.>.# ### #...#
### ....###'###.... ##
............... #####.
##.....@.....######.....
##############.........
#......†.. #.>####.#. #
#..... #..... #..##.#.#.
#.#..# #.......#.
#.#..## #.###.###.


There were no monsters in sight!

Vanquished Creatures
  2 dart slugs (D:1)
  A leopard gecko (D:1)
  3 orcs (D:3)
  A ball python (D:1)
  A giant cockroach (D:1)
  4 goblins
  4 hobgoblins (D:1)
  4 jackals (D:1)
  4 kobolds
  2 bats (D:1)
  A frilled lizard (D:1)
  3 rats (D:1)
30 creatures vanquished.

Notes
Turn   | Place    | Note
-------+----------+-------------------------------------------
     0 | D:1      | Enish the Formicid Chaos Knight began the quest for the
                  | Orb.
     0 | D:1      | Reached XP level 1. HP: 18/18 MP: 1/1
    14 | D:2      | You fall into a shaft and drop 2 floors!
    14 | D:4      | Noticed an orc wizard
    14 | D:4      | Noticed an orc wizard
    15 | D:4      | Noticed an iguana
    22 | D:4      | XOM: potion effect (curing)
    26 | D:3      | Found an opulent altar of Gozag.
    26 | D:3      | Found Gozag's Platinum Reserve.
    36 | D:3      | XOM: potion effect (invisibility)
    43 | D:3      | Reached XP level 2. HP: 24/24 MP: 2/2
    82 | D:2      | Found a basalt altar of Yredelemnul.
   212 | D:1      | Reached XP level 3. HP: 20/29 MP: 3/3
   333 | D:1      | XOM: divination: detect items
   405 | D:1      | Reached skill level 1 in Dodging
   599 | D:1      | XOM: harmless Conj miscast
   690 | D:$      | Got out of the dungeon alive.

Levels and vault maps discovered:
D:1:      dpeg_arrival_water_fire, layout_basic, grunt_decor_cap
D:2:      layout_basic, nicolae_overflow_hidden_temple,
          nicolae_overflow_crystal_walls, first_ration
D:3:      layout_rooms, nicolae_gozag_zags_fifth_avenue,
          serial_co_window_serial, co_window_paths_a, co_window_paths_a,
          co_window_paths_a, co_window_paths_a, co_window_corner_a,
          co_window_unsneaky_path_a, co_window_corner_b, co_window_broadway_a,
          co_window_corner_ca, co_window_4corner_a, glass_columns_a
D:4:      layout_basic, minmay_temple_entry_glassed_door, uniq_sigmund

Skill      XL: |  1  2  3 |
---------------+----------+-----
Dodging        | 1 |  1.1
Fighting       | |  3.6
Axes           | |  3.8
Armour         | |  2.6
Stealth        | |  0.7

Action                   || total
-------------------------++-------
Melee: Hand axe          ||   107
 Abil: Dig               ||     7
  Use: Potion            ||     1
       Scroll            ||     1
 Stab: Paralysed         ||     6
       Invisible         ||     1
Armor: Leather armour    ||    55
Dodge: Dodged            ||   118

Table legend:
 A = Non-vault XP
 B = Vault XP
 C = Vault XP percentage of total XP
 D = Non-vault monster count
 E = Vault monster count
 F = Vault count percentage of total count
                 A         B        C        D         E       F
            +---------+---------+-------+---------+---------+-------
      Total |      62 |       0 |   0.0 |      30 |       0 |   0.0
            +---------+---------+-------+---------+---------+-------
        D:1 |      47 |       0 |   0.0 |      24 |       0 |   0.0
        D:2 |       4 |       0 |   0.0 |       2 |       0 |   0.0
        D:3 |      11 |       0 |   0.0 |       4 |       0 |   0.0
            +---------+---------+-------+---------+---------+-------
